 Dungeon Crawl Stone Soup version 0.30-a0-691-g754fce4c43 (webtiles) character file.

Game seed: 12990323446151755530

2120 Newt the Chopper (level 9, 0/87 HPs)
             Began as a Demonspawn Gladiator on Jan 19, 2023.
             Was a Follower of Hepliaklqana.
             Slain by a gargoyle
             ... wielding a +0 mace
              (8 damage)
             ... on level 7 of the Dungeon.
             The game lasted 00:07:57 (7513 turns).

Newt the Chopper (Demonspawn Gladiator)             Turns: 7513, Time: 00:07:58

Health: 0/87       AC: 28    Str: 17    XL:     9   Next: 8%
Magic:  15/15      EV:  2    Int: 10    God:    Hepliaklqana [*.....]
Gold:   135        SH:  0    Dex: 14    Spells: 14/16 levels left

rFire   . . .      SeeInvis .    q - +5 war axe of the Endless March {heavy, rC+ Will+}
rCold   + . .      Faith    .    (no shield)
rNeg    . . .      Spirit   .    (body armour currently unavailable)
rPois   +          Reflect  .    (helmet currently unavailable)
rElec   .          Harm     .    (cloak currently unavailable)
rCorr   .          Rampage  .    (gloves currently unavailable)
Will    +....      NoTele   +    (boots currently unavailable)
Stlth   ++                       (no amulet)
HPRegen 0.34/turn                u - +4 ring of protection
MPRegen 0.14/turn                (no ring)

@: tree-form, invisible
A: stationary, stasis, torment immunity, boosted hp, reduced essence, (thin
metallic scales 2), demonic guardian 1, (demonic touch 2), weak 1
a: Renounce Religion, Recall Ancestor, Ancestor Identity


You were on level 7 of the Dungeon.
You worshipped Hepliaklqana.
Hepliaklqana was aware of your devotion.
You were a tree.
You visited 2 branches of the dungeon, and saw 8 of its levels.

You collected 371 gold pieces.
You spent 236 gold pieces at shops.

Inventory:

Hand Weapons
 a - a +0 rapier
 j - a +1 short sword of protection
 m - a +2 great sword
 n - a +2 short sword of venom
 p - a +1 scimitar
 q - the +5 war axe of the Endless March (weapon) {heavy, rC+ Will+}
   (You found it on level 4 of the Dungeon)

   rC:        It protects you from cold.
   Will:      It increases your willpower.
 G - a +0 spear
Missiles
 d - 3 throwing nets
 e - a javelin
 h - 6 atropa-tipped darts
 l - 4 poisoned darts
Armour
 b - a +1 leather armour (melded)
 c - a +0 helmet (melded)
 x - a +2 cloak of willpower (melded)
 A - the +1 ring mail "Yfatoyrgh" {Harm rElec rN+ Will-}
   (You bought it in a shop on level 6 of the Dungeon)

   rElec:     It insulates you from electricity.
   rN:        It protects you from negative energy.
   Harm:      It increases damage dealt and taken.
   Will:      It decreases your willpower.
Jewellery
 u - a +4 ring of protection (left branch)
Wands
 o - a wand of flame (22)
 w - a wand of quicksilver (10)
Scrolls
 g - a scroll of enchant armour
 s - a scroll of poison
 y - a scroll of teleportation
 B - a scroll of fog
 D - a scroll of silence
 E - a scroll of vulnerability {unknown}
Potions
 k - a potion of mutation
 r - a potion of berserk rage
 t - 2 potions of degeneration
 v - a potion of cancellation {unknown}
 z - a potion of lignification
 C - a potion of ambrosia {unknown}
 F - a potion of heal wounds {unknown}


   Skills:
 + Level 4.1 Fighting
 - Level 2.6(3.7) Short Blades
 - Level 3.9(4.3) Long Blades
 - Level 6.0 Axes
 - Level 1.7 Throwing
 - Level 2.6 Dodging
 - Level 3.0 Stealth
 - Level 4.0 Spellcasting
 - Level 5.0 Transmutations


You had 14 spell levels left.
You knew the following spells:

 Your Spells              Type           Power      Damage    Failure   Level
a - Wereblood             Tmut           12%        N/A       4%          2

Your spell library contained the following spells:

 Spells                   Type           Power      Damage    Failure   Level
 Beastly Appendage        Tmut           24%        N/A       3%          1
 Apportation              Tloc           4%         N/A       26%         1
 Kiss of Death            Conj/Necr      8%         2d6       26%         1
 Spider Form              Tmut/Pois      7%         N/A       26%         3
 Blink                    Tloc           4%         N/A       36%         2
 Confusing Touch          Hex            2%         N/A       58%         3
 Inner Flame              Hex/Fire       2%         N/A       58%         3
 Cause Fear               Hex            1%         N/A       94%         4
 Dispel Undead            Necr           2%         3d7       94%         4
 Manifold Assault         Tloc           2%         N/A       94%         4
 Alistair's Intoxication  Tmut/Pois      4%         N/A       94%         5
 Storm Form               Tmut/Air       3%         N/A       100%        7
 Discord                  Hex            1%         N/A       100%        8


Dungeon Overview and Level Annotations

Branches:
Dungeon (7/15)             Temple (1/1) D:5

Altars:
Cheibriados
Dithmenos
Fedhas
Hepliaklqana
Kikubaaqudgha
Makhleb
Nemelex Xobeh
Okawaru
Trog
Uskayaw
Wu Jian
Yredelemnul

Shops:
D:6 ?[[(

Annotations:
D:6 3 runed translucent doors, BigDaddyOpFi's ghost, novice MeFE; BigDaddyOpFi's ghost, weakling HODe; NinjaNoafa's ghost, novice GnSu


Innate Abilities, Weirdness & Mutations

You are a tree.
Your roots penetrate the ground, keeping you stationary.
You cannot be teleported.
You are immune to unholy pain and torment.
Your maximum health is greatly increased.
Your equipment is partially melded.
Your life essence is reduced to manifest your ancestor. (-10% HP)
((You are mostly covered in thin metallic scales. (AC +3)))
A weak demonic guardian rushes to your aid.
((Your touch may inflict irresistible damage on your foes.))
You are weak. (Str -2)


Message History

The orc warrior hits you with a +0 battleaxe!
* * * LOW HITPOINT WARNING * * *
You feel better.
The gargoyle hits you but does no damage.
The orc warrior completely misses you.
You feel better.
The gargoyle hits you but does no damage.
The orc warrior hits you with a +0 battleaxe!
* * * LOW HITPOINT WARNING * * *
You feel better.
The gargoyle hits you but does no damage.
The orc warrior hits you but does no damage.
You hit the orc warrior but do no damage.
The orc warrior is heavily wounded.
You barely miss the gargoyle.
The orc warrior hits you but does no damage.
The orc warrior hits you with a +0 battleaxe.
* * * LOW HITPOINT WARNING * * *
You strike the helpless orc warrior from behind!
You hit the orc warrior.
The orc warrior is severely wounded.
You cannot move.
Unknown command.
You cannot move.
You catch the helpless orc warrior completely off-guard!
You slash the orc warrior!
The orc warrior is almost dead.
The orc warrior hits you but does no damage.
The gargoyle hits you with a +0 mace.
* * * LOW HITPOINT WARNING * * *
The orc warrior completely misses you.
You closely miss the orc warrior.
The orc warrior is almost dead.
You closely miss the gargoyle. The gargoyle hits you with a +0 mace.
* * * LOW HITPOINT WARNING * * *
A demonic guardian appears!
The orc warrior hits you with a +0 battleaxe!
* * * LOW HITPOINT WARNING * * *
The gargoyle hits you with a +0 mace!
You die...

# . #. #. .## #.# ..#####!. ..#
#.#.#.#.#######.## +
#.##..#o#P..CP#..# #.
#.#...#♣#.###.#..# ##..
#..#.#.595#)+ #..# ...
#.#..##.#.###.#..###.#
#..#.##.#P...P#......###
.#######.##.#..#######.##.....#
.......................##.....#
##..##.#######.#.###.###.#.###
##....R.# #.......# #.#.###
##.###.# ###+.#### #.#..##


You could see an orc warrior (unable to see you, ally target), a gargoyle
(unable to see you, ally target), a friendly quasit (summoned, wandering) and a
friendly white imp (summoned).

Vanquished Creatures
  A water moccasin (D:6)
  2 black bears
  3 ogres
  A centaur (D:7)
  2 phantoms
  Blork the orc (D:4)
  2 bullfrogs
  A scorpion (D:6)
  2 necrophages
  7 wights
  A hound (D:5)
  2 jellies
  Crazy Yiuf (D:4)
  2 gnoll boudas
  An orc priest (D:3)
  An iguana (D:6)
  Ijyb (D:3)
  Natasha (twice) (D:4)
  12 gnolls
  9 adders
  A white imp (D:5)
  A dart slug (D:2)
  11 orcs
  9 endoplasms
  2 giant cockroaches
  8 goblins
  9 hobgoblins
  3 quokkas
  4 ball pythons
  8 bats
  2 frilled lizards
  11 kobolds
  5 rats
128 creatures vanquished.

Vanquished Creatures (collateral kills)
  An iguana (D:5)
  An orc (D:7)
  A hobgoblin (D:3)
3 creatures vanquished.

Vanquished Creatures (others)
  An ancestor (D:7)
  A plant (D:7)
  4 withered plants (D:6)
6 creatures vanquished.

Grand Total: 137 creatures vanquished

Notes
Turn   | Place    | Note
-------+----------+-------------------------------------------
     0 | D:1      | Newt the Demonspawn Gladiator began the quest for the Orb.
     0 | D:1      | Reached XP level 1. HP: 16/16 MP: 1/1
   201 | D:1      | Reached skill level 1 in Stealth
   571 | D:1      | Gained mutation: You are partially covered in thin metallic
                  | scales. (AC +2) [demonic ancestry]
   571 | D:1      | Reached XP level 2. HP: 19/22 MP: 2/2
  1104 | D:2      | Gained mutation: A weak demonic guardian rushes to your
                  | aid. [demonic ancestry]
  1104 | D:2      | Reached XP level 3. HP: 24/27 MP: 3/3
  1470 | D:2      | Reached XP level 4. HP: 34/34 MP: 4/4
  1767 | D:3      | Found a faded altar of an unknown god.
  2176 | D:2      | Gained mutation: You are mostly covered in thin metallic
                  | scales. (AC +3) [demonic ancestry]
  2176 | D:2      | Reached XP level 5. HP: 18/42 MP: 5/5
  2749 | D:3      | Gained mutation: Your touch may inflict minor irresistible
                  | damage on your foes. [demonic ancestry]
  2749 | D:3      | Reached XP level 6. HP: 22/48 MP: 6/6
  3045 | D:3      | Found a snail-covered altar of Cheibriados.
  3399 | D:3      | Noticed Ijyb
  3407 | D:3      | Killed Ijyb
  3622 | D:4      | Identified the +5 war axe of the Endless March {heavy, rC+
                  | Will+}
  3655 | D:4      | Reached skill level 1 in Axes
  3902 | D:4      | Noticed Blork the orc
  3909 | D:4      | Killed Blork the orc
  3910 | D:4      | Reached skill level 2 in Axes
  4017 | D:4      | Noticed Natasha
  4024 | D:4      | Killed Natasha
  4269 | D:4      | Noticed Natasha
  4275 | D:4      | Killed Natasha
  4276 | D:4      | Reached XP level 7. HP: 51/54 MP: 7/7
  4418 | D:4      | Found a runed translucent door.
  4419 | D:4      | Noticed Crazy Yiuf
  4597 | D:4      | Killed Crazy Yiuf
  4598 | D:4      | Reached skill level 3 in Axes
  4685 | D:5      | Entered Level 5 of the Dungeon
  4709 | D:4      | Reached skill level 4 in Axes
  4938 | D:5      | Reached skill level 5 in Axes
  5006 | D:5      | Gained mutation: Your touch may inflict irresistible damage
                  | on your foes. [demonic ancestry]
  5006 | D:5      | Reached XP level 8. HP: 55/60 MP: 8/8
  5009 | D:5      | Reached skill level 6 in Axes
  5009 | D:5      | Reached skill level 1 in Spellcasting
  5499 | D:5      | Found a staircase to the Ecumenical Temple.
  5624 | Temple   | Entered the Ecumenical Temple
  5800 | Temple   | Became a worshipper of Hepliaklqana the Forgotten
  6046 | D:6      | Found Hovughax's Magic Scroll Shoppe.
  6052 | D:6      | Bought a scroll of identify for 28 gold pieces
  6052 | D:6      | Bought a scroll of identify for 28 gold pieces
  6057 | D:6      | Gained mutation: You are weak. (Str -2) [potion of
                  | mutation]
  6088 | D:6      | Found Rephyduc's Armour Shoppe.
  6109 | D:6      | Found a runed translucent gate.
  6109 | D:6      | Found a runed translucent gate.
  6109 | D:6      | Found a runed translucent gate.
  6113 | D:6      | Found Lealopn's Weapon Shoppe.
  6151 | D:6      | Reached skill level 1 in Transmutations
  6154 | D:6      | Learned a level 2 spell: Wereblood
  6840 | D:6      | Noticed NinjaNoafa's ghost (novice GnSu)
  6841 | D:6      | Reached * piety under Hepliaklqana
  6841 | D:6      | Noticed BigDaddyOpFi's ghost (weakling HODe)
  6841 | D:6      | Noticed BigDaddyOpFi's ghost (novice MeFE)
  6858 | D:6      | Found Bouwut's Antique Armour Shop.
  6863 | D:6      | Bought a shimmering ring mail for 180 gold pieces
  6863 | D:6      | Identified the +1 ring mail "Yfatoyrgh" {Harm rElec rN+
                  | Will-} (You bought it in a shop on level 6 of the Dungeon)
  7161 | D:7      | Found an ornate altar of the Wu Jian Council.
  7383 | D:7      | Reached XP level 9. HP: 56/58 MP: 15/15
  7448 | D:7      | Reached skill level 5 in Transmutations
  7494 | D:7      | Noticed a gargoyle
  7495 | D:7      | Noticed a cyclops
  7513 | D:7      | Slain by a gargoyle

Illustrated notes

Levels and vault maps discovered:
D:1:      ncdulo_halloftheorcs, layout_basic
D:2:      layout_loops_ring, minmay_small_reverse_x
D:3:      layout_rooms, mainiacjoe_overflow_surrounded_room,
          chequers_ecumenical_altar_simple, minmay_misc_feat_diagonals,
          grunt_decor_arrowhead, minmay_stone_trees_small, uniq_ijyb
D:4:      layout_loops_corners, uniq_crazy_yiuf_cottage, uniq_blork_the_orc,
          uniq_natasha
D:5:      layout_gridville, minmay_temple_entry_fiery
D:6:      layout_basic, gammafunk_ghost_cemetery, serial_shops,
          nicolae_shop_behind_doors, kennysheep_little_box, shop,
          nicolae_diamond_shop
D:7:      layout_loops_corners, pdpol_temple_overflow_zin_treasury_gozag_greed,
          nzn_wu_jian_contemplation, minmay_shattered_shrine
Temple:   minmay_temple_bridge_abc

Skill      XL: |  1  2  3  4  5  6  7  8  9 |
---------------+----------------------------+-----
Stealth        | 1 2 3 |  3.0
Fighting       | 4 |  4.1
Long Blades    | 3 |  3.9
Axes           | 2 5 6 |  6.0
Spellcasting   | 4 |  4.0
Transmutations | 4 5 |  5.0
Short Blades   | |  2.6
Throwing       | |  1.7
Dodging        | |  2.6

Action                   |  1- 3 |  4- 6 |  7- 9 || total
-------------------------+-------+-------+-------++-------
Melee: Rapier            |    34 |       |       ||    34
       Short sword       |   148 |   112 |       ||   260
       Punch             |     1 |       |     1 ||     2
       Great sword       |       |    34 |       ||    34
       War axe           |       |    17 |   106 ||   123
       Touch             |       |     7 |    19 ||    26
Throw: Throwing net      |       |     1 |     1 ||     2
 Cast: Wereblood         |       |       |     1 ||     1
  Use: Scroll            |     7 |       |     8 ||    15
       Potion            |       |       |     7 ||     7
 Stab: Sleeping          |     2 |     5 |     3 ||    10
       Held in net/web   |       |     3 |       ||     3
       Distracted        |       |       |     1 ||     1
       Invisible         |       |       |     2 ||     2
Armor: Leather armour    |    66 |    65 |    75 ||   206
       Skin              |       |       |     8 ||     8
Dodge: Dodged            |    95 |   132 |   124 ||   351

Table legend: (Time is in decaauts)
 A = Elapsed time spent in this place.
 B = Non-inter-level travel time spent in this place.
 C = Inter-level travel time spent in this place.
 D = Time resting spent in this place.
 E = Time spent auto-exploring this place.
 F = Levels seen in this place.
 G = Mean time per level.
                   A        B        C        D        E       F      G
               +--------+--------+--------+--------+--------+-----+--------+
         Total |   7607 |   7275 |    332 |   1517 |   4610 |   8 |  950.9 |
       Dungeon |   7411 |   7104 |    307 |   1517 |   4443 |   7 | 1058.7 |
        Temple |    196 |    172 |     24 |      0 |    167 |   1 |  196.0 |
               +--------+--------+--------+--------+--------+-----+--------+

Top non-repeatable levels by time:
     D:4: 1646 daAuts
     D:2: 1316 daAuts
     D:3: 1235 daAuts
     D:1: 972 daAuts
     D:6: 960 daAuts
     D:5: 728 daAuts
     D:7: 552 daAuts
  Temple: 196 daAuts
